 Dungeon Crawl Stone Soup version 0.32-a0-675-gdc239d62e1 (webtiles) character file.

Game seed: 517398701652368294

647 backslashecho the Shield-Bearer (level 7, 0/56 HPs)
             Began as a Formicid Fighter on Mar 12, 2024.
             Succumbed to a scorpion's poison
             ... on level 4 of the Dungeon.
             The game lasted 00:07:35 (3581 turns).

backslashecho the Shield-Bearer (Formicid Fighter)  Turns: 3581, Time: 00:07:36

Health: 0/56       AC:  7    Str: 22    XL:     7   Next: 82%
Magic:  7/7        EV:  9    Int:  8    God:
Gold:   72         SH:  5    Dex: 13    Spells: 6/6 levels left

rFire   . . .        a - +0 war axe
rCold   . . .        c - +0 buckler
rNeg    . . .        b - +0 scale mail
rPois   .            (helmet unavailable)
rElec   .            (no cloak)
rCorr   .            (no gloves)
SInv    +            (no boots)
Will    .....        (no amulet) Stlth
                     (no ring)
HPRegen 0.29/turn    (no ring)
MPRegen 0.10/turn

%: no passive effects
@: lethally poisoned (0 -> -4)
A: permanent stasis, dig shafts and tunnels, antennae 3, four strong arms
a: Dig, Shaft Self


You were on level 4 of the Dungeon.
You visited 1 branch of the dungeon, and saw 5 of its levels.

You collected 162 gold pieces.
You spent 90 gold pieces at shops.

Inventory:

Hand Weapons
 a - a +0 war axe (weapon)
Missiles
 p - 5 curare-tipped darts (quivered)
Armour
 b - a +0 scale mail (worn)
 c - a +0 buckler (worn)
Jewellery
 m - an amulet of reflection
Scrolls
 g - a scroll of enchant weapon {unknown}
 i - 4 scrolls of teleportation {unknown}
 j - 2 scrolls of identify {unknown}
 k - a scroll of butterflies {unknown}
 o - 2 scrolls of noise {unknown}
 q - a scroll of acquirement {unknown}
 s - a scroll of immolation {unknown}
Potions
 e - a potion of ambrosia {unknown}
 f - 6 potions of curing
 h - 3 potions of degeneration {unknown}
 l - a potion of brilliance {unknown}
 n - a potion of heal wounds {unknown}
 r - a potion of haste {unknown}


   Skills:
 - Level 5.0 Fighting
 * Level 5.9 Axes
 + Level 3.9 Armour
 + Level 6.5 Shields


You had 6 spell levels left.
You didn't know any spells.
Your spell library contained the following spells:

 Spells                   Type           Power      Damage    Failure   Level
 Call Imp                 Summ           0%         N/A       90%         2
 Sublimation of Blood     Necr           0%         N/A       90%         2
 Fugue of the Fallen      Necr           0%         N/A       99%         3
 Ozocubu's Armour         Ice            0%         N/A       99%         3
 Manifold Assault         Tloc           0%         N/A       100%        4
 Summon Hydra             Summ           0%         N/A       100%        7


Dungeon Overview and Level Annotations

Branches:
Dungeon (5/15)
 Temple: D:4-7

Altars:
Fedhas
Zin

Shops:
D:1 *

Annotations:
D:3 3 runed translucent doors, DiddlyDoom's ghost, amateur GrEE


Innate Abilities, Weirdness & Mutations

You cannot be hasted, slowed, berserked, paralysed or teleported.
You can dig through walls and to a lower floor.
You have a pair of large antennae on your head. (SInv)
Your four strong arms can wield two-handed weapons with a shield.


Message History

An orc priest comes into view. It is wielding a +0 hand axe.
The orc priest shouts!
You hear a shout!
You hear an angry hiss.
An orc comes into view. It is wielding a +0 flail.
An orc priest comes into view. It is wielding a +0 club.
You hear a shout!
You hear a shout!
The orc priest looks encouraged for a moment. x2
The orc priest mumbles some strange prayers to Beogh against you.
You struggle to resist.
You barely miss the orc priest.
The orc priest mumbles some strange prayers to Beogh against you.
Beogh smites you!
An orc comes into view. It is wielding a +0 dagger.
The orc shouts!
You take 11 damage, and have 45/56 hp.
You closely miss the orc priest. You block the orc priest's attack.
The orc priest hits you but does no damage. x2
You closely miss the orc priest. x2
A scorpion comes into view.
The orc priest hits you but does no damage.
The orc priest calls down the wrath of Beogh upon you.
You struggle to resist.
An orc comes into view. It is wielding a +0 short sword.
You barely miss the orc priest. You closely miss the orc priest.
The orc shouts!
You hear a shout!
The orc priest hits you but does no damage.
The orc priest hits you with a +0 club.
You take 2 damage, and have 44/56 hp.
You hit the orc priest.
The orc priest is moderately wounded.
You barely miss the orc priest.
The orc priest hits you but does no damage.
You block the orc priest's attack. x2
You slash the orc priest!
The orc priest is severely wounded.
You barely miss the orc priest. You block the orc priest's attack.
The orc priest invokes the aid of Beogh against you.
Beogh smites you! The orc barely misses you.
The orc priest shouts, "Beogh offers mercy even to people such as you.
Join us and be reborn!" (press Y on the ability menu to convert to Beogh)
You take 12 damage, and have 32/56 hp.
MASSIVE DAMAGE!!
You closely miss the orc priest.
The orc priest is severely wounded.
You barely miss the orc priest. You closely miss the orc.
The orc priest shouts, "The Pantheon deserves no one's loyalty.
Let us show you the true path!"
The orc priest hits you but does no damage. x2
The orc barely misses you.
The orc priest shouts, "The Pantheon deserves no one's loyalty.
Let us show you the true path!"
You hit the orc priest.
You kill the orc priest!
You closely miss the orc. You hit the orc priest.
The orc priest hits you but does no damage.
The orc hits you with a +0 flail.
A wight comes into view. It is wielding a +0 falchion.
You take 3 damage, and have 29/56 hp.
You closely miss the orc priest.
The orc priest is moderately wounded.
You hit the scorpion. You hit the orc. The scorpion stings you.
The orc priest threatens, "Beogh's wrath is as vast as their mercy.
Make your choice!" The orc priest barely misses you. The orc misses you.
You block the scorpion's attack. The orc priest hits you with a +0 club.
The orc barely misses you.
The orc priest shouts, "Beogh offers mercy even to people such as you.
Join us and be reborn!"
You take 4 damage, and have 25/56 hp.
You slash the orc priest!
You kill the orc priest!
You hit the orc.
You kill the orc!
You barely miss the scorpion. You block the scorpion's attack.
The scorpion barely misses you.
You closely miss the scorpion.
The scorpion is moderately wounded.
You hit the orc. You block the orc's attack.
A ribbon worm comes into view.
The scorpion barely misses you. The scorpion attacks as it pursues you!
The scorpion stings you. The orc attacks as it pursues you!
The orc hits you with a +0 short sword.
You take 6 damage, and have 20/56 hp.
The orc attacks as it pursues you! The orc hits you but does no damage.
The scorpion stings you.
You take 2 damage, and have 18/56 hp.
The orc attacks as it pursues you! You block the orc's attack.
The orc attacks as it pursues you! The orc hits you but does no damage.
An orc priest comes into view. It is wielding a +0 dagger.
There is a stone staircase leading down here.
The scorpion stings you.
You are poisoned.
The scorpion poisons you!
You take 1 damage, and have 18/56 hp.
You feel sick. The scorpion attacks as it pursues you! The scorpion stings you.
* * * LOW HITPOINT WARNING * * *
There is a stone staircase leading up here.
You take 4 damage, and have 14/56 hp.
You feel sick.
The orc priest invokes the aid of Beogh against you.
Beogh smites you!
* * * LOW HITPOINT WARNING * * *
The scorpion barely misses you.
You climb upwards.
You die...

......'.....#............#.....#.
......#.....#............#.....#.
......#..†..#..........<.#.....##
.##...#.....###...##.....#.......
####.######...#...##.....#.......
#.# #...#...##.|...#......# #.#
#...#...#......#......# #.#
#...#...#......#....#.# #.#
#...#.@.#......#....#.# #.#
#...#s..#......#....#.# #.#
#...#...#......#....#.#
###########...#####.#.#.##....#.#
............#.................#.#
............#.......#.#)......#.#
............#...................#
###########.#....[.#####....>...#
#.# #.#......############.#


You could see a scorpion.

Vanquished Creatures
  Sigmund (D:4)
  Duvessa (D:4)
  A phantom (D:4)
  Dowan (D:4)
  2 orc priests (D:5)
  A hound (D:3)
  An orc wizard (D:3)
  Natasha (D:4)
  4 adders
  3 dart slugs
  2 ribbon worms
  5 orcs
  5 bats
  8 endoplasms
  A giant cockroach (D:3)
  4 goblins
  7 hobgoblins
  4 quokkas
  7 ball pythons
  A frilled lizard (D:3)
  5 kobolds
  10 rats
75 creatures vanquished.

Notes
Turn   | Place    | Note
-------+----------+-------------------------------------------
     0 | D:1      | backslashecho the Formicid Fighter began the quest for the
                  | Orb.
     0 | D:1      | Reached XP level 1. HP: 18/18 MP: 1/1
   111 | D:1      | Reached XP level 2. HP: 21/24 MP: 2/2
   168 | D:1      | Found Liheh's Assorted Antiques.
   603 | D:1      | Reached XP level 3. HP: 29/29 MP: 3/3
  1125 | D:2      | Reached XP level 4. HP: 37/37 MP: 4/4
  1436 | D:3      | Found a faded altar of an unknown god.
  1654 | D:3      | Reached XP level 5. HP: 28/42 MP: 5/5
  1719 | D:3      | Reached skill level 5 in Shields
  1934 | D:3      | Found a runed translucent gate.
  1934 | D:3      | Found a runed translucent gate.
  1934 | D:3      | Found a runed translucent gate.
  1947 | D:3      | Noticed DiddlyDoom's ghost (amateur GrEE)
  2535 | D:4      | Found Zin's Purification Station.
  2535 | D:4      | Found a glowing silver altar of Zin.
  2543 | D:4      | Bought a potion of curing for 90 gold pieces
  2564 | D:4      | Found a blossoming altar of Fedhas.
  2590 | D:4      | Noticed a phantom
  2616 | D:4      | Killed a phantom
  2617 | D:4      | Reached XP level 6. HP: 43/49 MP: 6/6
  2679 | D:4      | Noticed Sigmund
  2689 | D:4      | Killed Sigmund
  2690 | D:4      | Reached skill level 5 in Fighting
  2690 | D:4      | Reached skill level 5 in Axes
  2690 | D:4      | Reached skill level 6 in Shields
  2690 | D:4      | Reached XP level 7. HP: 47/56 MP: 7/7
  3026 | D:4      | Noticed Duvessa
  3039 | D:4      | Noticed Dowan
  3238 | D:4      | Noticed Natasha
  3245 | D:4      | Killed Natasha
  3398 | D:4      | Killed Duvessa
  3399 | D:4      | Killed Dowan
  3469 | D:5      | Entered Level 5 of the Dungeon
  3580 | D:5      | HP: 1/56 [orc priest/divine providence (12)]
  3581 | D:4      | Succumbed to a scorpion's poison

Illustrated notes

Levels and vault maps discovered:
D:1:      matt_arrival_diagonals, layout_loops_ring, serial_shops, shop
D:2:      layout_basic
D:3:      layout_basic, gammafunk_ghost_necromancy,
          shapermc_ecumenical_altar_mp_highgroup
D:4:      layout_gridville, zin_purify, mainiacjoe_overflow_paths,
          serial_co_window_serial, co_window_corner_a, co_window_corner_a,
          co_window_corner_a, co_window_cross_1, co_window_paths_b,
          co_window_broadway_b, co_window_corner_b, co_window_2corner,
          co_window_broadway_a, co_window_corner_b, glass_columns_a,
          glass_columns_b, glass_columns_b, uniq_sigmund, uniq_duvessa,
          uniq_natasha
D:5:      minmay_recursive_quarters, layout_layer_cave, old_standard_altar,
          minmay_temple_entry_mist, serial_shops, shop

Skill      XL: |  1  2  3  4  5  6 |
---------------+-------------------+-----
Axes           | 3 4 5 |  5.9
Fighting       | 4 5 |  5.0
Shields        | 5 6 |  6.5
Armour         | |  3.9

Action                     |  1- 3 |  4- 6 |  7- 9 || total
---------------------------+-------+-------+-------++-------
  Melee: War axe           |    77 |    77 |    41 ||   195
  Throw: Dart              |       |     4 |       ||     4
Ability: Dig               |       |       |     1 ||     1
    Use: Potion            |       |       |     1 ||     1
 Armour: Scale mail        |    46 |    53 |    45 ||   144
  Dodge: Dodged            |    39 |    32 |    25 ||    96
  Block: Buckler           |    11 |    20 |    14 ||    45

Table legend: (Time is in decaauts)
 A = Elapsed time spent in this place.
 B = Non-inter-level travel time spent in this place.
 C = Inter-level travel time spent in this place.
 D = Time resting spent in this place.
 E = Time spent auto-exploring this place.
 F = Levels seen in this place.
 G = Mean time per level.
                   A        B        C        D        E       F      G
               +--------+--------+--------+--------+--------+-----+--------+
         Total |   3652 |   3302 |    350 |     41 |   2464 |   5 |  730.4 |
       Dungeon |   3652 |   3302 |    350 |     41 |   2464 |   5 |  730.4 |
               +--------+--------+--------+--------+--------+-----+--------+

Top non-repeatable levels by time:
     D:4: 1090 daAuts
     D:3: 954 daAuts
     D:2: 794 daAuts
     D:1: 741 daAuts
     D:5: 72 daAuts
